 Dungeon Crawl Stone Soup version 0.30-a0-4-ga7cffc901d (webtiles) character file.

Game seed: 16965523981461915293

5206 Zonian the Covert (level 10, -9/44 HPs)
             Began as a Spriggan Earth Elementalist on Aug 20, 2022.
             Was an Initiate of Yredelemnul.
             Mangled by an ice devil (20 damage)
             ... on level 9 of the Dungeon.
             The game lasted 00:29:52 (12132 turns).

Zonian the Covert (Spriggan Earth Elementalist)    Turns: 12132, Time: 00:29:53

Health: -9/44      AC:  6    Str:  4    XL:     10   Next: 35%
Magic:  17/23      EV: 23    Int: 19    God:    Yredelemnul [......]
Gold:   68         SH:  9    Dex: 18    Spells: 18/26 levels left

rFire   + . .      SeeInvis +    q - +3 dagger (freeze)
rCold   . . .      Faith    .    (no shield)
rNeg    . . .      Spirit   .    G - +2 robe {Archmagi}
rPois   .          Reflect  +    (helmet restricted)
rElec   .          Harm     .    (no cloak)
rCorr   .          Rampage  .    (gloves unavailable)
Will    +....      Archmagi +    (boots unavailable)
Stlth   +++++.....               l - amulet of reflection
HPRegen 0.14/turn                e - ring of protection from fire
MPRegen 0.18/turn                (no ring)

@: studying Staves, very quick
A: very small, no large weapons, unfitting armour, see invisible, speed 3,
iridescent scales 1, large bone plates 1, wild magic 1, MP-powered wands
a: Renounce Religion, Recall Undead Harvest


You were on level 9 of the Dungeon.
You worshipped Yredelemnul.
Yredelemnul was noncommittal.
You visited 1 branch of the dungeon, and saw 9 of its levels.

You collected 347 gold pieces.
You spent 279 gold pieces at shops.

Inventory:

Hand Weapons
 f - a +0 whip of electrocution
 i - a +0 short sword
 p - a +0 dagger of freezing
 q - a +3 dagger of freezing (weapon)
 y - a +1 spear of venom
 H - a +2 scimitar of freezing
Missiles
 k - 19 poisoned darts
 x - 2 throwing nets
Armour
 a - a +1 robe
 A - a +1 robe of cold resistance
 G - a +2 robe of the Archmagi (worn)
Jewellery
 e - a ring of protection from fire (left hand)
 g - an amulet of faith
 l - an amulet of reflection (around neck)
 t - a ring of ice
 B - an amulet of regeneration
Wands
 u - a wand of mindburst (8)
 D - a wand of roots (6)
Scrolls
 c - a scroll of immolation
 h - 2 scrolls of amnesia
 j - 4 scrolls of teleportation
 s - a scroll of blinking
 w - a scroll of enchant armour
Potions
 b - a potion of magic
 d - a potion of lignification
 m - 4 potions of curing
 n - a potion of invisibility
 o - 2 potions of mutation
 r - a potion of might
 v - a potion of heal wounds
 z - a potion of flight
 C - a potion of brilliance
 E - a potion of cancellation
 F - 2 potions of berserk rage {unknown}


   Skills:
 + Level 9.4 Dodging
 + Level 11.1 Stealth
 + Level 8.6 Spellcasting
 - Level 4.0 Conjurations
 - Level 5.5 Transmutations
 + Level 6.9 Earth Magic


You had 18 spell levels left.
You knew the following spells:

 Your Spells              Type           Power      Damage    Failure   Level
a - Sandblast             Erth           100%       2d20      1%          1
b - Stone Arrow           Conj/Erth      100%       3d13      4%          3
c - Petrify               Tmut/Erth      58%        N/A       11%         4

Your spell library contained the following spells:

 Spells                   Type           Power      Damage    Failure   Level
 Passwall                 Tmut/Erth      48%        N/A       2%          2
 Foxfire                  Conj/Fire      100%       2x1d9     6%          1
 Conjure Flame            Conj/Fire      30%        6-21      17%         3
 Blink                    Tloc           32%        N/A       19%         2
 Poisonous Vapours        Pois/Air       32%        N/A       19%         2
 Gell's Gravitas          Tloc           16%        N/A       34%         3
 Inner Flame              Hex/Fire       16%        N/A       34%         3
 Lesser Beckoning         Tloc           16%        N/A       34%         3
 Teleport Other           Tloc           16%        N/A       34%         3
 Flame Wave               Conj/Fire      30%        2d9       45%         4
 Corpse Rot               Necr/Pois/Air  16%        N/A       73%         4
 Dispel Undead            Necr           16%        3d10      73%         4
 Fireball                 Conj/Fire      15%        3d8       78%         5
 Manifold Assault         Tloc           16%        N/A       96%         5
 Starburst                Conj/Fire      15%        6d6       100%        6
 Ignition                 Fire           8%         3d5       100%        8
 Death Channel            Necr           Unusable   N/A       N/A         6

Dungeon Overview and Level Annotations

Branches:
Dungeon (9/15)             Temple (0/1) D:6
   Lair: D:8-11         Orc: D:9-12

Altars:
Cheibriados
Elyvilon
Hepliaklqana
Kikubaaqudgha
Sif Muna
Trog
Yredelemnul

Shops:
D:1 *   D:4 :   D:5 ?


Innate Abilities, Weirdness & Mutations

You are very small and have problems with some larger weapons.
You are too small for most types of armour.
You have supernaturally acute eyesight. (SInv)
You cover ground extremely quickly. (Speed+++)
You are partially covered in iridescent scales. (AC +2)
You are partially covered in large bone plates. (SH +4)
Your spells are a little harder to cast, but a little more powerful.
You expend magic power (3 MP) to strengthen your wands.


Message History

Your spectral quasit barely misses the ice devil.
Your spectral quasit claws the ice devil but does no damage. x2
The ice devil completely misses you.
Your wyvern zombie bites the ice devil but does no damage.
Your spectral quasit closely misses the ice devil.
Your spectral quasit barely misses the ice devil.
Your spectral quasit claws the ice devil but does no damage.
Unknown command.
Unknown command.
Casting: Sandblast (safe; 1% risk of failure)
Confirm with . or Enter, or press ? or * to list all spells.
Aiming: Sandblast (safe; 1% risk of failure)
Press: ? - help, Shift-Dir - straight line, f/p - ice devil
Aim: an ice devil (heavily wounded, ally target, 85% to hit)
You feel a surge of power!
The blast of sand hits the ice devil!
The ice devil is severely wounded.
The ice devil hits you. The ice devil freezes you!!
Your wyvern zombie barely misses the ice devil.
Your spectral quasit closely misses the ice devil.
Your spectral quasit claws the ice devil but does no damage.
Your spectral quasit closely misses the ice devil.
The ice devil hits your spectral quasit!
The ice devil freezes your spectral quasit!
Your spectral quasit resists.
Your spectral quasit is destroyed!
Your wyvern zombie closely misses the ice devil.
Unknown command.
Casting: Sandblast (safe; 1% risk of failure)
Confirm with . or Enter, or press ? or * to list all spells.
Aiming: Stone Arrow (dangerous; 4% risk of failure)
Press: ? - help, Shift-Dir - straight line, f/p - ice devil
Aim: an ice devil (severely wounded, ally target, 78% to hit)
You feel a surge of power!
The stone arrow hits the ice devil.
The ice devil is severely wounded.
Your wyvern zombie closely misses the ice devil.
The ice devil hits you!
* * * LOW HITPOINT WARNING * * *
The ice devil freezes you!!
You die...
Your body rises from the dead as a mindless zombie.

.#...............
.#................
....................
....................
........................
........................
...............4......[.
..............Z.@.......
........................
.......#.#.........##...
......#.............# #
...........#........!.
..#....................
.#.....................#
).#...................#.
...........#.......#.


You could see an ice devil (ally target) and a friendly wyvern zombie.

Vanquished Creatures
  Pikel (D:6)
  A hornet (D:8)
  2 wyverns
  Edmund (D:4)
  2 water moccasins (D:8)
  2 black bears
  An ice beast (D:8)
  2 sky beasts
  2 ogres
  2 centaurs
  A kobold brigand (D:7)
  3 bullfrogs
  A necrophage (D:4)
  A scorpion (D:6)
  7 wights
  5 killer bees (D:9)
  A howler monkey (D:7)
  A quasit (D:9)
  3 jellies
  3 hounds
  5 orc priests
  2 iguanas
  4 orc wizards
  14 gnolls
  12 adders
  2 dart slugs
  3 worms
  21 orcs
  6 ball pythons
  8 endoplasms
  2 giant cockroaches
  4 goblins
  10 hobgoblins
  7 kobolds
  7 quokkas
  6 bats
  4 frilled lizards
  4 rats
  A toadstool (D:1)
164 creatures vanquished.

Vanquished Creatures (collateral kills)
  A two-headed ogre (D:8)
  A cyclops (D:8)
  A bullfrog (D:7)
  A gnoll sergeant (D:7)
  A killer bee (D:9)
  A hound (D:5)
  2 orc priests
  2 gnolls (D:4)
  An adder (D:3)
  A worm (D:3)
  A dart slug (D:1)
  5 orcs (D:8)
  2 ball pythons (D:4)
  2 endoplasms (D:2)
  A hobgoblin (D:2)
  2 bats
  A goblin (D:1)
  A kobold (D:7)
  A rat (D:3)
28 creatures vanquished.

Vanquished Creatures (others)
  A hornet zombie (D:8)
  2 bullfrog zombies
  A killer bee zombie (D:9)
  A hound zombie (D:7)
  A spectral quasit (D:9)
  A howler monkey zombie (D:7)
  A human zombie (D:4)
  2 jelly zombies
  An adder zombie (D:5)
  3 bat zombies
  5 gnoll zombies
  2 ball python zombies (D:4)
  A dart slug zombie (D:4)
  2 endoplasm zombies (D:4)
  A frilled lizard zombie (D:3)
  A giant cockroach zombie (D:4)
  A kobold zombie (D:7)
  5 orc zombies
  2 demonic plants (D:9)
  3 plants (D:4)
  3 toadstools (D:1)
40 creatures vanquished.

Grand Total: 232 creatures vanquished

Notes
Turn   | Place    | Note
-------+----------+-------------------------------------------
     0 | D:1      | Zonian the Spriggan Earth Elementalist began the quest for
                  | the Orb.
     0 | D:1      | Reached XP level 1. HP: 9/9 MP: 5/5
    48 | D:1      | Found a faded altar of an unknown god.
    51 | D:1      | Prayed at the altar of an unknown god.
    51 | D:1      | Became a worshipper of Yredelemnul the Dark
    51 | D:1      | Reached * piety under Yredelemnul
   139 | D:1      | Found Juistruu's Assorted Antiques.
   292 | D:1      | Reached XP level 2. HP: 13/13 MP: 4/6
   399 | D:1      | Reached ** piety under Yredelemnul
  1008 | D:1      | Reached *** piety under Yredelemnul
  1085 | D:2      | Found a shimmering blue altar of Sif Muna.
  1150 | D:2      | Reached XP level 3. HP: 16/16 MP: 6/8
  1501 | D:2      | Reached skill level 4 in Stealth
  1583 | D:2      | Reached XP level 4. HP: 21/21 MP: 10/10
  1656 | D:2      | Identified the +7 sling of the Winnowing Gods {freeze,
                  | rCorr}
  2577 | D:3      | Reached XP level 5. HP: 17/24 MP: 7/11
  2715 | D:4      | Noticed Edmund
  2718 | D:4      | Killed Edmund
  2719 | D:4      | Reached skill level 5 in Stealth
  2762 | D:4      | Your ally Edmund died
  2796 | D:4      | Found a bloodstained altar of Trog.
  3155 | D:4      | Reached XP level 6. HP: 26/28 MP: 8/13
  3201 | D:4      | Found Tohatz's Self-Improvement Boutique.
  4373 | D:5      | Entered Level 5 of the Dungeon
  4433 | D:5      | Reached skill level 5 in Dodging
  4433 | D:5      | Reached XP level 7. HP: 32/32 MP: 11/15
  4488 | D:5      | Reached skill level 6 in Stealth
  4951 | D:5      | Reached skill level 5 in Spellcasting
  5172 | D:5      | Reached skill level 5 in Transmutations
  5556 | D:5      | Found Focetid's Magic Scroll Shop.
  5560 | D:5      | Bought a scroll of blinking for 105 gold pieces
  6115 | D:6      | Noticed a steam dragon
  6152 | D:6      | Reached skill level 7 in Stealth
  6172 | D:6      | Reached XP level 8. HP: 36/36 MP: 13/17
  6293 | D:6      | Learned a level 3 spell: Stone Arrow
  6470 | D:6      | Found a staircase to the Ecumenical Temple.
  6681 | D:6      | Noticed Pikel
  6786 | D:6      | Reached skill level 1 in Conjurations
  6786 | D:6      | Reached skill level 5 in Earth Magic
  6833 | D:6      | Killed Pikel
  6834 | D:6      | Reached skill level 8 in Stealth
  7299 | D:7      | Learned a level 4 spell: Petrify
  7329 | D:7      | Reached XP level 9. HP: 30/39 MP: 18/20
  7985 | D:6      | Reached skill level 9 in Stealth
  8295 | D:7      | Found an ancient bone altar of Kikubaaqudgha.
  9085 | D:7      | Noticed a boulder beetle
  9220 | D:7      | Found a white marble altar of Elyvilon.
  9221 | D:7      | Found a snail-covered altar of Cheibriados.
  9225 | D:7      | Found a hazy altar of Hepliaklqana.
 10349 | D:8      | Noticed a two-headed ogre
 10362 | D:8      | Killed a two-headed ogre
 10363 | D:8      | Reached skill level 10 in Stealth
 10478 | D:8      | Reached XP level 10. HP: 44/44 MP: 13/23
 10786 | D:8      | Noticed a cyclops
 10798 | D:8      | Killed a cyclops
 10815 | D:8      | Reached **** piety under Yredelemnul
 11254 | D:1      | Bought a lumpy white potion for 20 gold pieces
 11254 | D:1      | Bought a runed robe for 85 gold pieces
 11254 | D:1      | Bought a scroll of teleportation for 69 gold pieces
 11746 | D:9      | Gained mutation: Your magical capacity is low. (-10% MP) [a
                  | neqoxec]
 11985 | D:9      | Lost mutation: Your magical capacity is low. (-10% MP)
                  | [potion of mutation]
 11985 | D:9      | Gained mutation: You sometimes lose your temper in combat.
                  | [potion of mutation]
 11985 | D:9      | Gained mutation: You expend magic power (3 MP) to
                  | strengthen your wands. [potion of mutation]
 11985 | D:9      | Gained mutation: You occasionally shout uncontrollably at
                  | your foes. [potion of mutation]
 11985 | D:9      | Gained mutation: You have a somewhat thin skeletal
                  | structure. (Dex +2, Stealth+) [potion of mutation]
 11986 | D:9      | Lost mutation: You occasionally shout uncontrollably at
                  | your foes. [potion of mutation]
 11986 | D:9      | Lost mutation: You have a somewhat thin skeletal structure.
                  | (Dex +2, Stealth+) [potion of mutation]
 11986 | D:9      | Lost mutation: You sometimes lose your temper in combat.
                  | [potion of mutation]
 11986 | D:9      | Gained mutation: Your spells are a little harder to cast,
                  | but a little more powerful. [potion of mutation]
 11986 | D:9      | Gained mutation: You are partially covered in large bone
                  | plates. (SH +4) [potion of mutation]
 11986 | D:9      | Gained mutation: You are partially covered in iridescent
                  | scales. (AC +2) [potion of mutation]
 12039 | D:9      | Reached skill level 11 in Stealth
 12132 | D:9      | Mangled by an ice devil

Illustrated notes

Levels and vault maps discovered:
D:1:      ldierk_water_garden, layout_loops_ring,
          hellmonk_ecumenical_altar_heavens_door, serial_shops,
          nicolae_shop_statue_plus, minmay_curled_crystal
D:2:      layout_basic, basic_altar, serial_glass, glass_columns_a,
          glass_columns_a, glass_columns_a, glass_columns_a, glass_columns_c,
          glass_columns_b, nrook_uturn
D:3:      layout_basic
D:4:      cheibrodos_old_hovel, layout_rooms, lemuel_tele_altar,
          nicolae_shop_self_help, uniq_edmund
D:5:      layout_basic, serial_shops, kennysheep_mini
D:6:      layout_loops_corners, minmay_temple_entry_glassed_door, uniq_pikel
D:7:      layout_cave_pools, grunt_temple_overflow_cloverleaf, sigmund_army
D:8:      layout_gridville, minmay_manual_mullet
D:9:      layout_cross, serial_demonic, serial_demonic_e, serial_demonic_e,
          serial_demonic_b, serial_demonic_d, serial_demonic_b,
          serial_demonic_b, enter_bailey_4, grunt_ministairs_4,
          nicolae_elevator_lobby_plus

Skill      XL: |  1  2  3  4  5  6  7  8  9 10 |
---------------+-------------------------------+-----
Dodging        | 3 4 5 6 7 8 9 |  9.4
Spellcasting   | 3 4 5 6 8 |  8.6
Transmutations | 2 3 4 5 |  5.5
Earth Magic    | 3 4 5 6 |  6.9
Stealth        | 4 5 7 8 10 11 | 11.1
Conjurations   | 2 3 4 |  4.0

Action                   |  1- 3 |  4- 6 |  7- 9 | 10-12 || total
-------------------------+-------+-------+-------+-------++-------
Melee: Unarmed           |     2 |       |       |       ||     2
       Short sword       |     4 |    18 |       |       ||    22
       Dagger            |       |    36 |    67 |    15 ||   118
       Punch             |       |       |     1 |       ||     1
 Cast: Sandblast         |    46 |    94 |   123 |    19 ||   282
       Stone Arrow       |       |       |     8 |    12 ||    20
Invok: Recall Undead Har |     1 |       |       |       ||     1
Evoke: Wand              |       |       |     1 |       ||     1
  Use: Scroll            |       |    10 |     7 |       ||    17
       Potion            |       |     1 |     1 |     2 ||     4
 Stab: Sleeping          |       |     5 |     3 |     3 ||    11
       Distracted        |       |       |     1 |     1 ||     2
Armor: Robe              |     3 |    10 |    10 |     2 ||    25
Dodge: Dodged            |    25 |    84 |   130 |    34 ||   273
Block: Other             |       |    23 |    46 |     6 ||    75
       Reflection        |       |       |     2 |       ||     2

Table legend: (Time is in decaauts)
 A = Elapsed time spent in this place.
 B = Non-inter-level travel time spent in this place.
 C = Inter-level travel time spent in this place.
 D = Time resting spent in this place.
 E = Time spent auto-exploring this place.
 F = Levels seen in this place.
 G = Mean time per level.
                   A        B        C        D        E       F      G
               +--------+--------+--------+--------+--------+-----+--------+
         Total |  12736 |  12203 |    533 |   4069 |   6329 |   9 | 1415.1 |
       Dungeon |  12736 |  12203 |    533 |   4069 |   6329 |   9 | 1415.1 |
               +--------+--------+--------+--------+--------+-----+--------+

Top non-repeatable levels by time:
     D:6: 2515 daAuts
     D:5: 2409 daAuts
     D:8: 1897 daAuts
     D:3: 1592 daAuts
     D:7: 1067 daAuts
     D:4: 998 daAuts
     D:2: 914 daAuts
     D:1: 867 daAuts
     D:9: 472 daAuts
